 Dungeon Crawl Stone Soup version 0.28.0-43-g3370ac3207 (webtiles) character file.

Game seed: 16232388311673132424

16 ChuckTheHack the Poker (level 2, -2/23 HPs)
             Began as a Merfolk Gladiator on Mar 7, 2022.
             Killed from afar by a white imp (10 damage)
             ... with a puff of frost
             ... summoned by Natasha
             ... on level 2 of the Dungeon.
             The game lasted 00:02:49 (1550 turns).

ChuckTheHack the Poker (Merfolk Gladiator)          Turns: 1550, Time: 00:02:51

Health: -2/23      AC:  4    Str: 14    XL:     2   Next: 54%
Magic:  2/2        EV: 13    Int:  7    God:
Gold:   71         SH:  0    Dex: 15    Spells: 1/1 levels left

rFire   . . .      SeeInvis .   a - +0 trident
rCold   . . .      Faith    .   (no shield)
rNeg    . . .      Spirit   .   b - +0 leather armour
rPois   .          Reflect  .   c - +0 helmet
rElec   .          Harm     .   (no cloak)
rCorr   .          Rampage  .   (no gloves)
Will    .....                   (no boots)
Stlth   +.........              (no amulet)
HPRegen 0.07/turn               (no ring)
MPRegen 0.08/turn               (no ring)

@: no status effects
A: (nimble swimmer 2), mertail
a: no special abilities


You were on level 2 of the Dungeon.
You visited 1 branch of the dungeon, and saw 2 of its levels.

You collected 71 gold pieces.

Inventory:

Hand Weapons
 a - a +0 trident (weapon)
Missiles
 d - 2 throwing nets (quivered)
Armour
 b - a +0 leather armour (worn)
 c - a +0 helmet (worn)
Scrolls
 e - a scroll of vulnerability {unknown}
 f - 2 scrolls of teleportation {unknown}
 i - a scroll of identify {unknown}
Potions
 g - a potion of attraction {unknown}
 h - a potion of magic {unknown}


   Skills:
 + Level 2.5 Fighting
 + Level 4.7 Polearms
 + Level 2.3 Throwing
 + Level 4.3 Dodging


You had one spell level left.
You didn't know any spells.
Your spell library contained the following spells:

 Spells                   Type           Power      Damage    Failure   Level
 Portal Projectile        Hex/Tloc       0%         N/A       87%         3
 Blade Hands              Tmut           0%         N/A       100%        5
 Excruciating Wounds      Necr           0%         N/A       100%        5


Dungeon Overview and Level Annotations

Branches:
Dungeon (2/15)

Altars:

Shops:
D:1 (

Annotations:
D:2 1 runed translucent door, Crazy Yiuf, Natasha


Innate Abilities, Weirdness & Mutations

((You are very nimble when in or above water. (Stealth+, EV+, Speed+++)))
Your lower body shifts to a powerful aquatic tail in water.


Message History

HP restored.
There is an entrance to Ginaf's Antique Weapon Shop here.
There is a large open door here.
There is a stone staircase leading down here.
You climb downwards.
Level annotation: 1 runed translucent door, Crazy Yiuf, Natasha
There is a stone staircase leading up here.
You see here a +0 dagger.
Natasha hisses angrily.
You hit Natasha.
Natasha is lightly wounded.
Natasha claws you.
You closely miss Natasha.
Natasha is lightly wounded.
Natasha misses you.
You closely miss Natasha.
Natasha is lightly wounded.
Natasha casts a spell.
Natasha closely misses you.
Throw: 3 throwing nets
Press: ? - help, Q - select action Shift-Dir - straight line, f - Natasha
Aim: Natasha (lightly wounded, 53% to hit)
You throw a throwing net. The throwing net hits Natasha.
Natasha is caught in the net!
Natasha is lightly wounded.
You hit Natasha.
Natasha is heavily wounded.
The white imp gestures at you. The puff of frost hits you!
Natasha struggles against the net.
You hit Natasha but do no damage.
Natasha is heavily wounded.
Natasha struggles against the net. x2
You catch the helpless Natasha completely off-guard!
You puncture Natasha!
Natasha is almost dead.
Natasha struggles against the net.
The net rips apart, and Natasha comes free!
The white imp gestures at you. The puff of frost hits you!
You die...

P.#.### ###
..)#.)##...# ###
############
..####.+)..# #..
...........## .##
###).)# #.#
########..[.. ## ###
#.# ##..... #.# #......
#.# #...... ######
#######h##### #......
#.##.# #.....@5....#
#.##.#. #.##.#
#.#####.###.#####.##.#.
###.##.# #.# #.#
#.##....#....
#......####.#####.#
#.##.####....
#.#...............#
#.##.# #.###
#.#########.#######
#.##.# #.# #.# #(##.#
#.# #.# #.# #.##.# #.#
# #.#########.##
####....# #.# .


You could see Natasha and a white imp (summoned).

Vanquished Creatures
  2 dart slugs
  3 endoplasms
  3 goblins
  A ball python (D:1)
  A frilled lizard (D:1)
  A kobold (D:2)
11 creatures vanquished.

Notes
Turn   | Place    | Note
-------+----------+-------------------------------------------
     0 | D:1      | ChuckTheHack the Merfolk Gladiator began the quest for the
                  | Orb.
     0 | D:1      | Reached XP level 1. HP: 16/16 MP: 1/1
    35 | D:1      | Found Ginaf's Antique Weapon Shop.
   282 | D:1      | Reached XP level 2. HP: 23/23 MP: 2/2
  1219 | D:2      | Found a runed translucent door.
  1220 | D:2      | Noticed Crazy Yiuf
  1296 | D:2      | Noticed Natasha
  1550 | D:2      | Killed from afar by a white imp

Illustrated notes

Levels and vault maps discovered:
D:1:      psy_arrival_whirlpool, layout_loops_ring, serial_shops, shop
D:2:      layout_loops_ring, uniq_natasha, uniq_crazy_yiuf_cottage

Action                   || total
-------------------------++-------
Melee: Trident           ||    31
       Punch             ||     1
Throw: Throwing net      ||     1
 Stab: Held in net/web   ||     1
       Sleeping          ||     1
Armor: Leather armour    ||     5
Dodge: Dodged            ||    14
